Description

early mine drop with good eco backing

Replay - A.I. 2 (Very Easy) v Cyanine - Nightshade LE

Build Order

Get SALT Encoding   

  12  0:00  SCV  
  13  0:12  SCV  
  14  0:17  Supply Depot  
  14  0:24  SCV  
  15  0:39  SCV  
  15  0:40  Barracks  
  16  0:44  Refinery  
  16  0:51  SCV  
  17  1:03  SCV  
  18  1:15  SCV  
  19  1:27  Orbital Command, Reaper  
  20  1:38  Command Center  
  20  1:46  Supply Depot  
  20  1:53  SCV  
  21  1:59  Marine  
  22  2:05  SCV  
  22  2:08  Factory  
  23  2:13  Refinery  
  23  2:17  SCV  
  23  2:21  Barracks Reactor  
  26  2:51  Starport  
  26  2:53  Orbital Command  
  26  2:57  Widow Mine, Marine x2  
  32  3:15  Marine x2  
  35  3:26  Widow Mine  
  37  3:28  Barracks  
  37  3:31  Medivac  
  37  3:34  Barracks  
  41  3:35  Supply Depot  
  41  3:48  Widow Mine  
  46  3:57  Supply Depot  
  46  4:00  Engineering Bay  
  47  4:04  Starport Tech Lab  
  47  4:08  Refinery  
  47  4:09  Factory Tech Lab  
  49  4:17  Marine x2  
  53  4:31  Starport Reactor  
  53  4:33  Terran Infantry Weapons Level 1, Stimpack  
  53  4:34  Marine x3  
  53  4:37  Factory Reactor  
  58  4:40  Combat Shield  
  58  4:44  Supply Depot  
  61  4:56  Marauder  
  62  5:00  Refinery  
  62  5:01  Marauder  
  64  5:14  Widow Mine x2  
  70  5:29  Marauder x2, Medivac x2  
  79  5:38  Widow Mine x2  
  85  5:52  Marauder x2  
  91  6:01  Widow Mine x2  
  95  6:06  Medivac x2  
  101  6:15  Marauder x2  
  107  6:26  Command Center  
  107  6:27  Concussive Shells  
  108  6:35  Barracks x2  
  108  6:37  Marauder  
  113  6:52  Armory  
  113  6:53  Engineering Bay  
  117  7:15  Marauder  
  117  7:18  Medivac x2  
  117  7:19  Widow Mine  
  127  7:38  Orbital Command  
  127  7:40  Barracks Reactor, Barracks Tech Lab  
  133  8:04  Ghost Academy  
  133  8:08  Command Center  
  133  8:10  Refinery x2  
Spawning Tool Build Advisor. Get it on Overwolf

Go to:

Details

  • Created by: Viper255
  • Published on: Apr 12, 2020
  • Modified on: Apr 12, 2020
  • Patch: 4.11.0
Show
View Real Time Build Order
Export as new Build Order

Comments (0)

There are no comments. Be the first!

Create an account to comment!